 Dungeon Crawl Stone Soup version 0.30-a0-1094-g860fb061e7 (webtiles) character file.

Game seed: 12002876402240461973

694 BlueFish the Sneak (level 7, -2/42 (46) HPs)
             Began as an Octopode Warper on Apr 17, 2023.
             Slain by a soul eater (3 damage)
             ... summoned by the player character
             ... on level 5 of the Dungeon.
             The game lasted 00:06:45 (3776 turns).

BlueFish the Sneak (Octopode Warper)                Turns: 3776, Time: 00:06:45

HP:   -2/42 (46)    AC:  5    Str: 13    XL:     7   Next: 64%
MP:   11/11         EV: 13    Int: 15    God:
Gold: 296           SH:  0    Dex: 11    Spells: 2/12 levels left

rFire   + . .      SeeInvis +    u - +16 obsidian axe {drain, demonic, Mesm Drain Fly SInv}
rCold   . . .      Faith    .    (no shield)
rNeg    . . .      Spirit   .    (helmet restricted)
rPois   .          Reflect  .    (no amulet)
rElec   .          Rampage  .    d - ring of protection from fire
rCorr   .                        w - +4 ring of protection
Will    .....                    (no ring)
Stlth   ++++                     (no ring)
HPRegen 0.27/turn                (no ring)
MPRegen 0.12/turn                (no ring)
                                 (no ring)
                                 (no ring)

@: flying, mesmerised, drained
A: almost no armour, amphibious, 8 rings, camouflage 1, gelatinous body 1,
(nimble swimmer 1), tentacles
a: no special abilities


You were on level 5 of the Dungeon.
You visited 2 branches of the dungeon, and saw 6 of its levels.

You collected 296 gold pieces.

Inventory:

Hand Weapons
 a - a +0 flail
 b - the +9 sling of Reodustre {freeze, rElec rF- rC+ Int+3}
   (You found it on level 3 of the Dungeon)

   Int:       It affects your intelligence (+3).
   rF:        It makes you vulnerable to fire.
   rC:        It protects you from cold.
   rElec:     It insulates you from electricity.
 r - a +0 mace
 s - a +0 sling
 u - the +16 obsidian axe (weapon) {drain, demonic, Mesm Drain Fly SInv}
   (You took it off a goblin on level 4 of the Dungeon)

   Mesm:      Its wielder is mesmerised by any visible foes, and it cannot be
   unequipped while any foes are visible.
   SInv:      It lets you see invisible.
   Fly:       It grants you flight.
   Drain:     It drains your maximum health when unequipped.
Missiles
 c - 7 boomerangs of dispersal (quivered)
 g - 57 stones
 k - 6 poisoned darts
Jewellery
 d - a ring of protection from fire (left tentacle)
 w - a +4 ring of protection (right tentacle)
Wands
 t - a wand of flame (14)
 x - a wand of polymorph (9)
Scrolls
 e - 2 scrolls of vulnerability {unknown}
 h - a scroll of blinking
 j - 2 scrolls of teleportation {unknown}
 n - a scroll of brand weapon {unknown}
Potions
 f - 2 potions of ambrosia
 i - a potion of magic {unknown}
 l - a potion of lignification {unknown}
 m - 2 potions of curing
 o - 3 potions of heal wounds
 p - 2 potions of might
 q - a potion of haste {unknown}
 v - a potion of brilliance {unknown}
 z - a potion of degeneration {unknown}
 A - a potion of berserk rage {unknown}


   Skills:
 + Level 3.2 Fighting
 * Level 2.3(3.0) Axes
 - Level 2.8(3.2) Maces & Flails
 + Level 2.9 Throwing
 + Level 3.5 Dodging
 * Level 5.5 Stealth
 + Level 3.1 Spellcasting
 + Level 4.0 Translocations


You had 2 spell levels left.
You knew the following spells:

 Your Spells              Type           Power      Damage    Failure   Level
a - Blink                 Tloc           28%        N/A       6%          2
b - Lesser Beckoning      Tloc           28%        N/A       6%          2
c - Teleport Other        Tloc           14%        N/A       12%         3
d - Vhi's Electric Charg  Tloc/Air       16%        N/A       26%         3

Your spell library contained the following spells:

 Spells                   Type           Power      Damage    Failure   Level
 Necrotise                Necr           8%         1d4       21%         1
 Call Imp                 Summ           4%         N/A       30%         2
 Passwall                 Tmut/Erth      1%         N/A       30%         2
 Manifold Assault         Tloc           14%        N/A       36%         4
 Vampiric Draining        Necr           2%         2d6       52%         3
 Animate Dead             Necr           2%         N/A       89%         4
 Agony                    Necr           2%         N/A       99%         5
 Borgnjor's Vile Clutch   Necr/Erth      1%         N/A       99%         5
 Freezing Cloud           Conj/Ice/Air   1%         6-21      99%         5
 Lee's Rapid Deconstruct  Erth           1%         3d4*      99%         5
 Death Channel            Necr           1%         N/A       100%        6
 Spellforged Servitor     Conj/Summ      1%         N/A       100%        7
 Maxwell's Capacitive Co  Air            1%         ∞         100%        8
 Fire Storm               Conj/Fire      1%         7d1       100%        9


Dungeon Overview and Level Annotations

Branches:
Dungeon (5/15)             Temple (1/1) D:4

Altars:
Ashenzari
Cheibriados
Dithmenos
Elyvilon
Hepliaklqana
Kikubaaqudgha
Nemelex Xobeh
Qazlal
Ru
Sif Muna
Trog
Uskayaw
Vehumet
Xom
Zin
Lugonu

Annotations:
D:5 2 runed translucent doors, relicbr's ghost, weakling SpDe


Innate Abilities, Weirdness & Mutations

You cannot wear most types of armour.
You are amphibious.
You can wear up to eight rings at the same time.
Your skin changes colour to match your surroundings (Stealth+).
Your rubbery body absorbs attacks. (AC +1, EV +1)
((You are camouflaged when in or above water. (Stealth+)))
You have tentacles for arms and can constrict up to eight enemies at once.


Message History

The soul eater is moderately wounded.
You constrict the soul eater, but do no damage.
The soul eater hits you.
Your orange demon stings the soul eater.
Your orange demon hits the soul eater.
The soul eater closely misses you.
You barely miss the soul eater.
The soul eater is moderately wounded.
You constrict the soul eater.
Your orange demon stings the soul eater!
Your orange demon completely misses the soul eater.
The soul eater hits your orange demon!!
Your orange demon stings the soul eater but does no damage.
Your orange demon hits the soul eater but does no damage.
You catch the helpless soul eater completely off-guard!
You hit the soul eater but do no damage.
The soul eater is heavily wounded.
You constrict the soul eater, but do no damage.
The soul eater draws from the surrounding life force!
The soul eater is healed.
Your orange demon stings the soul eater.
Your orange demon hits the soul eater but does no damage.
The soul eater draws from the surrounding life force!
The soul eater is healed.
You hit the soul eater.
You squeeze the soul eater, but do no damage.
The soul eater is heavily wounded.
You constrict the soul eater.
Your orange demon barely misses the soul eater.
Your orange demon hits the soul eater but does no damage.
The soul eater hits your orange demon!
Your orange demon stings the soul eater.
Your orange demon hits the soul eater but does no damage.
You catch the helpless soul eater completely off-guard!
You hit the soul eater.
The soul eater is severely wounded.
You constrict the soul eater, but do no damage.
The soul eater hits you!
* * * LOW HITPOINT WARNING * * *
You feel drained.
You die...

#......#####+###.# #.............
...............#.# #.............
#................###...........##
..#######......... .........))...
..#.....#......## #........)..##
#.#.....#......#####...........##
#.#.._..'.)........#...........##
#.#.....#..)...)...#...........##
#.#.....#.)....)@3.#...........##
#.#######.........4#...........##
..........)................######
#...#..##..........###...#....# #
...##..##..........# #...#..#.# #
#..###.............# #...#..#.###
)).# ##....######### #...#....#..
)######....# ######.###.#
)#...##....## #######.# #.#


You could see a soul eater (summoned, mesmerising, ally target) and a friendly
orange demon (summoned).

Vanquished Creatures
  Duvessa (D:5)
  An ogre (D:3)
  A phantom (D:5)
  Dowan (D:5)
  A hound (D:5)
  Ijyb (D:5)
  2 iguanas
  3 orc wizards (D:5)
  5 adders
  7 gnolls
  A dart slug (D:2)
  15 orcs
  6 ball pythons
  6 bats
  4 endoplasms
  2 giant cockroaches (D:2)
  4 goblins
  3 hobgoblins
  5 jackals
  4 quokkas
  4 frilled lizards
  6 kobolds
  6 rats
89 creatures vanquished.

Notes
Turn   | Place    | Note
-------+----------+-------------------------------------------
     0 | D:1      | BlueFish the Octopode Warper began the quest for the Orb.
     0 | D:1      | Reached XP level 1. HP: 14/14 MP: 3/3
   159 | D:1      | Reached skill level 1 in Stealth
   159 | D:1      | Reached XP level 2. HP: 11/19 MP: 5/5
   162 | D:1      | Learned a level 2 spell: Blink
   165 | D:1      | Learned a level 2 spell: Lesser Beckoning
   773 | D:2      | Reached XP level 3. HP: 12/24 MP: 6/6
   833 | D:2      | Reached skill level 2 in Stealth
  1510 | D:2      | Found a glowing silver altar of Zin.
  1782 | D:3      | Found a hide-covered altar of Uskayaw.
  1802 | D:3      | Reached XP level 4. HP: 24/29 MP: 7/7
  1809 | D:3      | Learned a level 3 spell: Teleport Other
  1880 | D:3      | Found a hazy altar of Hepliaklqana.
  1955 | D:3      | Identified the +9 sling of Reodustre {freeze, rElec rF- rC+
                  | Int+3}
  2187 | D:3      | Noticed an ogre
  2190 | D:3      | Killed an ogre
  2191 | D:3      | Reached skill level 3 in Stealth
  2191 | D:3      | Reached XP level 5. HP: 35/35 MP: 8/8
  2439 | D:4      | Got the Encyclopedia of the Band and Blows
  2544 | D:4      | Reached XP level 6. HP: 32/41 MP: 9/9
  2661 | D:4      | Found a sacrificial altar of Ru.
  2728 | D:4      | Found a staircase to the Ecumenical Temple.
  2734 | Temple   | Entered the Ecumenical Temple
  2797 | D:4      | Got the Incunable of the Metallic Squall
  2971 | D:4      | Reached skill level 4 in Stealth
  3159 | D:4      | Found a bloodstained altar of Trog.
  3162 | D:4      | Found an ancient bone altar of Kikubaaqudgha.
  3217 | D:5      | Entered Level 5 of the Dungeon
  3217 | D:5      | Noticed Dowan
  3219 | D:5      | Noticed Ijyb
  3219 | D:5      | Noticed Duvessa
  3222 | D:5      | Killed Ijyb
  3223 | D:5      | Killed Dowan
  3224 | D:5      | Reached skill level 1 in Axes
  3225 | D:5      | Killed Duvessa
  3227 | D:5      | Reached XP level 7. HP: 34/46 MP: 11/11
  3323 | D:5      | Reached skill level 5 in Stealth
  3375 | D:5      | Learned a level 3 spell: Vhi's Electric Charge
  3413 | D:5      | Found a broken altar of Ashenzari.
  3509 | D:5      | Found a white marble altar of Elyvilon.
  3602 | D:5      | Found a runed translucent door.
  3603 | D:5      | Noticed relicbr's ghost (weakling SpDe)
  3661 | D:5      | Found a runed translucent door.
  3767 | D:5      | Noticed a soul eater
  3776 | D:5      | HP: 1/44 [soul eater[the player character] (14)]
  3776 | D:5      | Slain by a soul eater

Illustrated notes

Levels and vault maps discovered:
D:1:      dpeg_arrival_shrine, layout_loops_ring
D:2:      layout_basic, basic_altar, minmay_misc_feat_doors, grunt_ministairs_10
D:3:      layout_basic, mainiacjoe_overflow_boulevard,
          nicolae_hepliaklqana_hippocampus
D:4:      layout_basic, nicolae_ru_awakened_eye, minitemple,
          minmay_temple_entry_hall, item_on_display_a
D:5:      layout_basic, amcnicky_altar_gilded, lemuel_round_altar,
          ebering_ghost_sewer_f, uniq_duvessa, uniq_ijyb
Temple:   corrupted_temple

Skill      XL: |  1  2  3  4  5  6  7 |
---------------+----------------------+-----
Stealth        | 1 2 3 4 5 |  5.5
Throwing       | 2 |  2.9
Dodging        | 3 |  3.5
Axes           | 1 2 |  2.3
Fighting       | 3 |  3.2
Spellcasting   | 3 |  3.1
Translocations | 4 |  4.0
Maces & Flails | |  2.8

Action                     |  1- 3 |  4- 6 |  7- 9 || total
---------------------------+-------+-------+-------++-------
  Melee: Mace              |    38 |     2 |       ||    40
         Constrict         |    14 |     7 |     4 ||    25
         Tentacles         |     8 |     5 |     4 ||    17
         Flail             |       |     4 |       ||     4
         Broad axe         |       |    21 |    27 ||    48
   Fire: Sling             |    57 |    26 |       ||    83
    Use: Scroll            |       |     3 |     1 ||     4
   Stab: Sleeping          |     3 |     7 |       ||    10
         Distracted        |       |       |     2 ||     2
 Armour: Skin              |     5 |     2 |     3 ||    10
  Dodge: Dodged            |    38 |    17 |     8 ||    63

Table legend: (Time is in decaauts)
 A = Elapsed time spent in this place.
 B = Non-inter-level travel time spent in this place.
 C = Inter-level travel time spent in this place.
 D = Time resting spent in this place.
 E = Time spent auto-exploring this place.
 F = Levels seen in this place.
 G = Mean time per level.
                   A        B        C        D        E       F      G
               +--------+--------+--------+--------+--------+-----+--------+
         Total |   3825 |   3737 |     88 |     27 |   3140 |   6 |  637.5 |
       Dungeon |   3768 |   3690 |     78 |     27 |   3116 |   5 |  753.6 |
        Temple |     56 |     46 |     10 |      0 |     24 |   1 |   56.0 |
               +--------+--------+--------+--------+--------+-----+--------+

Top non-repeatable levels by time:
     D:2: 1082 daAuts
     D:4: 750 daAuts
     D:1: 717 daAuts
     D:3: 643 daAuts
     D:5: 574 daAuts
  Temple: 56 daAuts
